Map: Oxide LE

Players

BobStaMan

  • Race: Zerg Zerg
  • League: Diamond

ViBE - Winner!

  • Race: Zerg Zerg
  • League: Diamond

VOD

Have the link to the VOD?

Description

Time

  • Played on: April 21, 2021, 11:44 p.m.
  • Length: 10:38
Show
View Real Time Build Order
Export as new Build Order

BobStaMan Zerg 

Build Orders: Hatch First, Roach Hydra 

Get SALT Encoding   

  12  0:00  Drone  
  13  0:12  Overlord  
  13  0:16  Drone  
  14  0:31  Drone x2  
  14  0:35  Drone  
  17  0:52  Hatchery  
  17  0:54  Drone  
  17  0:57  Drone  
  18  1:11  Spawning Pool  
  17  1:13  Drone  
  17  1:18  Drone  
  19  1:19  Extractor  
  18  1:27  Overlord  
  18  1:44  Drone  
  19  1:57  Zergling x2  
  19  1:58  Queen  
  19  2:00  Drone  
  23  2:09  Queen, Zergling x2  
  23  2:10  Drone  
  27  2:20  Drone  
  27  2:21  Drone  
  29  2:23  Metabolic Boost  
  29  2:25  Drone  
  30  2:32  Drone  
  30  2:36  Queen  
  30  2:37  Overlord  
  33  2:42  Drone  
  34  2:47  Drone  
  35  2:55  Drone  
  35  2:58  Drone  
  37  3:00  Queen  
  39  3:09  Evolution Chamber  
  39  3:11  Drone x2  
  39  3:12  Drone x2  
  42  3:15  Drone  
  42  3:16  Evolution Chamber  
  42  3:22  Overlord  
  42  3:24  Drone x2  
  44  3:28  Lair  
  44  3:31  Overlord  
  44  3:37  Zerg Missile Weapons Level 1  
  45  3:41  Drone x2  
  46  3:48  Roach Warren  
  46  3:50  Drone x2  
  46  3:51  Extractor  
  46  3:56  Drone x4  
  46  4:00  Drone x2  
  46  4:01  Drone  
  53  4:16  Overlord  
  53  4:22  Drone  
  53  4:23  Drone x2  
  56  4:25  Extractor  
  56  4:26  Drone x2  
  56  4:27  Glial Reconstitution  
  55  4:32  Overlord  
  55  4:33  Drone x5  
  60  4:52  Roach x4  
  68  4:53  Hatchery  
  68  4:54  Extractor  
  68  4:59  Overlord  
  66  5:00  Roach x3  
  66  5:01  Roach  
  66  5:03  Roach  
  76  5:18  Overlord, Roach  
  76  5:19  Roach x2  
  82  5:25  Roach  
  82  5:26  Overlord  
  84  5:29  Overlord  
  84  5:30  Overlord  
  84  5:34  Overlord  
  84  5:38  Roach x3  
  84  5:40  Roach  
  92  5:47  Roach  
  94  6:01  Roach x7  
  108  6:08  Roach x2  
  106  6:21  Roach x3  
  106  6:24  Drone  
  111  6:29  Zerg Missile Weapons Level 2  
  111  6:30  Zerg Ground Armor Level 1  
  111  6:31  Roach x2  
  111  6:32  Roach x2  
  119  6:38  Drone x5  
  119  6:39  Drone  
  125  6:43  Overlord  
  125  6:51  Roach x2  
  129  6:59  Overlord x2  
  129  7:00  Hydralisk Den, Overlord x2  
  128  7:06  Roach x5  
  128  7:08  Overlord x2  
  138  7:16  Overlord  
  138  7:25  Extractor, Drone x4  
  138  7:26  Drone x3  
  138  7:27  Extractor  
  143  7:32  Hydralisk x3  
  143  7:33  Hydralisk x2  
  153  7:37  Grooved Spines  
  153  7:50  Hydralisk x2  
  157  7:59  Hydralisk x3  
  163  8:08  Extractor  
  163  8:10  Hydralisk x6  
  175  8:16  Hatchery  
  174  8:20  Drone x2  
  174  8:21  Drone x2  
  174  8:22  Drone x3  
  181  8:31  Overlord x2  
  181  8:36  Hydralisk x2  
  185  8:41  Overlord x2  
  185  8:42  Overlord  
  175  8:48  Muscular Augments  
  175  8:54  Roach x7  
  135  9:05  Roach  
  135  9:06  Roach x5  
  125  9:15  Roach  
  125  9:16  Roach x6  
  117  9:27  Roach x4  
  125  9:39  Hatchery  
  125  9:41  Roach  
  125  9:42  Roach x6  
  125  9:45  Hydralisk x2  
  143  9:59  Roach x7  
  152  10:00  Roach  
Show
View Real Time Build Order
Export as new Build Order

ViBE Zerg - Winner!

Build Orders: Hatch First 

Get SALT Encoding   

  12  0:02  Drone  
  13  0:13  Overlord  
  13  0:19  Drone  
  14  0:31  Drone  
  14  0:32  Drone  
  16  0:45  Drone  
  17  0:51  Hatchery  
  16  0:58  Drone  
  16  0:59  Drone  
  18  1:12  Extractor  
  18  1:14  Spawning Pool  
  18  1:17  Drone  
  17  1:26  Drone  
  17  1:29  Drone  
  19  1:49  Overlord  
  19  2:02  Queen  
  19  2:04  Zergling x4  
  19  2:05  Queen  
  25  2:15  Drone x3  
  28  2:16  Metabolic Boost  
  28  2:32  Overlord  
  28  2:39  Drone x2  
  28  2:40  Drone  
  31  2:47  Baneling Nest  
  31  2:51  Drone x2  
  31  2:57  Drone x2  
  34  3:14  Drone x8  
  34  3:16  Queen  
  44  3:28  Hatchery  
  44  3:32  Overlord  
  43  3:43  Evolution Chamber  
  43  3:44  Baneling x2  
  43  3:45  Zergling x2  
  43  3:46  Zergling x2  
  43  3:47  Overlord  
  44  3:48  Overlord  
  44  3:55  Zergling x4  
  46  3:56  Drone x4  
  50  4:05  Drone  
  50  4:25  Roach Warren  
  48  4:32  Drone x3  
  48  4:33  Drone x9  
  48  4:36  Lair  
  48  4:38  Extractor  
  59  4:39  Extractor  
  58  4:56  Overlord x2  
  58  5:04  Overlord x2  
  58  5:07  Zerg Missile Weapons Level 1  
  58  5:09  Drone  
  58  5:11  Drone x4  
  58  5:12  Drone x3, Evolution Chamber  
  65  5:17  Drone  
  65  5:18  Roach  
  65  5:19  Roach x3  
  73  5:26  Extractor, Roach x2  
  73  5:27  Roach  
  78  5:32  Roach  
  78  5:34  Roach  
  82  5:42  Overlord  
  82  5:43  Overlord  
  82  5:45  Overlord  
  82  5:47  Roach  
  82  5:48  Roach x3  
  90  5:53  Drone x4  
  94  5:58  Roach  
  94  6:01  Roach  
  94  6:04  Roach  
  100  6:07  Roach x4  
  100  6:08  Hatchery  
  107  6:15  Roach x3  
  108  6:22  Overlord x2  
  108  6:24  Glial Reconstitution  
  107  6:32  Extractor  
  107  6:34  Extractor  
  107  6:35  Drone x2  
  107  6:36  Drone x2  
  107  6:37  Drone  
  107  6:38  Drone x3  
  113  6:43  Roach x7  
  127  6:52  Overlord  
  127  6:53  Overlord  
  127  6:54  Overlord  
  127  7:02  Roach x2  
  127  7:05  Zerg Missile Weapons Level 2  
  127  7:07  Hatchery  
  130  7:15  Zerg Ground Armor Level 1  
  130  7:18  Overlord x2  
  130  7:19  Roach  
  130  7:20  Roach x4  
  140  7:26  Roach x4  
  148  7:36  Overlord  
  148  7:38  Overlord  
  148  7:43  Roach x7  
  162  7:49  Drone  
  163  7:53  Roach x2  
  163  7:57  Drone  
  168  8:01  Drone  
  168  8:03  Roach  
  171  8:09  Roach  
  173  8:15  Roach x2  
  173  8:16  Ravager x6  
  183  8:21  Ravager  
  184  8:29  Roach x5  
  184  8:32  Roach x2  
  198  8:37  Roach  
  165  9:01  Roach x8  
  165  9:02  Roach x8  
  153  9:10  Roach  
  153  9:11  Roach x2  
  153  9:14  Roach  
  153  9:15  Roach x3  
  154  9:23  Ravager  
  154  9:24  Ravager  
  154  9:25  Ravager  
  154  9:27  Roach x3  
  161  9:35  Roach x3  
  161  9:36  Roach x2  
  171  9:46  Roach  
  171  9:47  Roach x3  
  179  9:54  Roach x3  
  171  10:11  Roach x12  
Tags
 
Composition
Roach Hydra
Matchup
ZvZ
Player
ViBE
Race
Zerg
Replay Pack
Diamond_Zerg
Add a new tag
Caveats
  • Supply blocks, unpowered buildings, or Contaminate may cause inaccurate times.
  • Supply counts are checked every 10 seconds.